Unix NetHack Version 5.0.0-0 post-release - last build May  3 2026 23:40:34 (9823c992c0763bbd039eca2974112f46eaf799b3,branch:main).

Game began 2026-05-04 15:38:02, ended 2026-05-04 15:44:04.

31245981910, lawful female dwarven Cavewoman

  -------
  |.@m..|
  |.....|
  |.....|
  |......
  |.....|
  ----.--
      #
      #
      #
      #
      ##
   ----.--------
   |...........|
   |......{.<...
   |...........|
   -------------

31245981910 the Aborigine  St:18/01 Dx:8 Co:18 In:10 Wi:12 Ch:8  Lawful
Dlvl:2  $:10 HP:0(36) Pw:8(8) AC:8  Xp:3 T:1272 

Latest messages:
 You see here a blue gem.
 h - a blue gem.
 The grid bug bites!
 You get zapped!
 You kill the grid bug!
 That chest is a large mimic!
 You cannot escape from the large mimic!
 You cannot escape from the large mimic!
 You cannot escape from the large mimic!
 You cannot escape from the large mimic!
 You cannot escape from the large mimic!
 The large mimic hits!
 You cannot escape from the large mimic!
 You cannot escape from the large mimic!
 You cannot escape from the large mimic!
 You cannot escape from the large mimic!
 You cannot escape from the large mimic!
 The large mimic hits!
 You cannot escape from the large mimic!
 You cannot escape from the large mimic!
 The large mimic hits!
 You pull free from the large mimic.
 That chest is a small mimic!
 You miss the small mimic.
 You hit the small mimic!
 You miss the small mimic.
 You miss the small mimic.
 You hit the small mimic!
 You kill the small mimic!
 Welcome to experience level 3.
 The large mimic hits!
 You hit the large mimic!
 You miss the large mimic.
 You miss the large mimic.
 The large mimic hits!
 You hit the large mimic!
 You hit the large mimic!
 You hit the large mimic!
 The large mimic hits!
 You miss the large mimic.
 You hit the large mimic!
 You miss the large mimic.
 You miss the large mimic.
 The large mimic hits!
 You die...
 Do you want your possessions identified? [ynq] (y) y
 Do you want to see your attributes? [ynq] (y) y
 Do you want an account of creatures vanquished? [ynaq] (y) y
 Do you want to see your conduct and achievements? [ynq] (y) y
 Do you want to see the dungeon overview? [ynq] (y) y

Inventory:
 Coins    ('$')
  $ - 10 gold pieces
 Weapons  (')')
  g - 9 +0 orcish arrows
  b - a +2 sling (alternate weapon; not wielded)
  a - a +1 club (weapon in right hand)
 Armor    ('[')
  e - a blessed +0 leather armor (being worn)
 Potions  ('!')
  f - an uncursed potion of gain energy
 Gems/Stones  ('*')
  h - an uncursed worthless piece of blue glass
  c - 12 uncursed flint stones (in quiver pouch)
  d - 24 uncursed rocks

31245981910 the Cavewoman's attributes:

Background:
 You were an Aborigine, a level 3 dwarven Cavewoman.
 You were lawful, nominally on a mission for Anu
 who was opposed by Ishtar (neutral) and Anshar (chaotic).
 You were right-handed.
 You were in the Dungeons of Doom, on level 2.
 You entered the dungeon 1272 turns ago.
 There was a full moon in effect when your adventure ended.
 You had 68 experience points, 12 more were needed to attain level 4.

Basics:
 You had 0 out of 36 hit points.
 You had all 8 energy points (spell power).
 Your armor class was 8.
 Your wallet contained 10 zorkmids.
 Autopickup was off.

Final Characteristics:
 Your strength was 18/01 (limit:18/100).
 Your dexterity was 8 (limit:20).
 Your constitution was 18 (limit:20).
 Your intelligence was 10 (limit:16).
 Your wisdom was 12 (limit:16).
 Your charisma was 8 (limit:16).

Final Status:
 You were held by a large mimic (east).
 You weren't hungry.
 You were unencumbered.
 You were wielding a club.
 You had basic skill with club.

Final Attributes:
 You were devoutly aligned.
 You had infravision.
 You were warded.
 You were lucky.
 You are dead.

Miscellaneous:
 You didn't encounter any bones levels.
 Total elapsed playing time was 6 minutes and 1 second.

Major events:
 Turn
    1: 31245981910 the lawful dwarven Cavewoman entered the dungeon
 1261: attained the rank of Aborigine (level 3)
 1272: killed by a large mimic

You didn't know any spells.

Skills:
 Fighting Skills
   bare handed combat [Basic]
 Weapon Skills
   dagger             [Unskilled]
   knife              [Unskilled]
   axe                [Unskilled]
   pick-axe           [Unskilled]
   club               [Basic]
   mace               [Unskilled]
   morning star       [Unskilled]
   flail              [Unskilled]
   hammer             [Unskilled]
   quarterstaff       [Unskilled]
   polearms           [Unskilled]
   spear              [Unskilled]
   trident            [Unskilled]
   bow                [Unskilled]
   sling              [Basic]
   boomerang          [Unskilled]
   unicorn horn       [Unskilled]
 Spellcasting Skills
   attack spells      [Unskilled]
   matter spells      [Unskilled]

Voluntary challenges:
 Character rerolling was not enabled.
 You were an atheist.
 You were illiterate.
 You never genocided any monsters.
 You never polymorphed an object.
 You never changed form.
 You used no wishes.
Achievement:
 You attained the rank of Aborigine.

 The Dungeons of Doom: levels 1 to 2
    Level 1:
       Some fountains.
    Level 2: <- You were here.
       A fountain.
       Final resting place for
          you, killed by a large mimic.


Vanquished creatures:
  a small mimic
  a little dog
  3 jackals
  2 goblins
  5 grid bugs
  2 lichens
  3 newts
17 creatures vanquished.

No species were genocided or became extinct.

Game over:
                       ----------
                      /          \
                     /    REST    \
                    /      IN      \
                   /     PEACE      \
                  /                  \
                  |   31245981910    |
                  |      10 Au       |
                  |   killed by a    |
                  |   large mimic    |
                  |                  |
                  |                  |
                  |       2026       |
                 *|     *  *  *      | *
        _________)/\\_//(\/(/\)/\//\/|_)_______

Goodbye 31245981910 the Cavewoman...

You died in The Dungeons of Doom on dungeon level 2 with 331 points,
and 10 pieces of gold, after 1272 moves.
You were level 3 with a maximum of 36 hit points when you died.

